 Dungeon Crawl Stone Soup version 0.31-a0-198-g2ad674f65e (webtiles) character file.

Game seed: 16239223349230001294

14 qw the Shooter (level 2, 0/16 HPs)
             Began as a Deep Elf Hunter on June 25, 2023.
             Slain by a cerulean imp
             ... wielding a +0 spear
             ... summoned by Natasha
              (3 damage)
             ... on level 2 of the Dungeon.
             The game lasted 00:00:15 (706 turns).

qw the Shooter (Deep Elf Hunter)                     Turns: 706, Time: 00:00:16

Health: 0/16       AC:  6    Str:  8    XL:     2   Next: 31%
Magic:  4/4        EV: 10    Int: 13    God:
Gold:   15         SH:  0    Dex: 18    Spells: 1/1 levels left

rFire   . . .        Y - +0 shortbow
rCold   . . .        (shield currently unavailable)
rNeg    . . .        j - +0 ring mail
rPois   .            (no helmet)
rElec   .            g - +0 cloak
rCorr   .            (no gloves)
SInv    .            (no boots)
Will    .....        (no amulet)
Stlth   +            (no ring)
HPRegen 0.22/turn    (no ring)
MPRegen 0.09/turn

%: no passive effects
@: no status effects
A: no striking features
a: no special abilities


You were on level 2 of the Dungeon.
You visited 1 branch of the dungeon, and saw 2 of its levels.

You collected 15 gold pieces.


   Skills:
 - Level 1.5 Fighting
 + Level 6.1 Ranged Weapons
 - Level 2.4 Dodging
 - Level 1.2 Stealth


You had one spell level left.
You didn't know any spells.
Your spell library was empty.

Inventory:

Hand Weapons
 Y - a +0 shortbow (weapon)
Armour
 g - a +0 cloak (worn)
 j - a +0 ring mail (worn)
Potions
 e - a potion of curing {unknown}

Dungeon Overview and Level Annotations

Branches:
Dungeon (2/15)

Altars:

Annotations:
D:2 Natasha


Message History

Natasha mumbles some strange words.
697 ||| Stepping ~*~*~tactically~*~*~ (outnumbered).
There is an escape hatch in the ceiling here.
You shoot an arrow. The arrow hits the cerulean imp.
The cerulean imp is lightly wounded.
You shoot an arrow. The arrow misses the cerulean imp.
The cerulean imp hits you from afar with a +0 spear.
Natasha mumbles some strange words.
The cerulean imp barely misses you.
You shoot an arrow. The arrow hits the cerulean imp.
The cerulean imp is heavily wounded.
Natasha casts a spell.
The cerulean imp hits you from afar with a +0 spear.
The cerulean imp closely misses you.
701 ||| Stepping ~*~*~tactically~*~*~ (outnumbered).
You shoot an arrow.
The arrow barely misses the cerulean imp.
You feel a little less clever now.
The cerulean imp hits you but does no damage.
The cerulean imp barely misses you.
The cerulean imp hits you from afar with a +0 spear.
You shoot an arrow.
The arrow hits the cerulean imp but does no damage.
The cerulean imp is heavily wounded.
The cerulean imp hits you from afar with a +2 spear.
The cerulean imp hits you but does no damage. x2
You shoot an arrow. The arrow misses the cerulean imp.
The arrow hits Natasha but does no damage.
Natasha is lightly wounded.
The cerulean imp misses you.
The cerulean imp hits you from afar with a +2 spear.
You shoot an arrow. The arrow hits the cerulean imp.
The cerulean imp is heavily wounded.
The cerulean imp closely misses you.
The cerulean imp hits you from afar with a +2 spear.
You shoot an arrow.
The arrow hits the cerulean imp but does no damage.
The cerulean imp is heavily wounded.
The cerulean imp hits you from afar with a +0 spear.
You die... ##.PPPPP#

#.# #...# ...P$$$P#
#.###...##
##.P$$$P####.........
##P$$$P.............
#PPPPP.............
#.##...>##.###...##
## #.##.#.#.#.# #...#
.. #.#.##.##..# #...#
###.#.@....###.#
##### #....<.....#
#.# #.###55##### #.#
#.h5..h....#
#!##5###.### ..# #.$
#### ###


You could see Natasha and 3 cerulean imps.

Vanquished Creatures
  3 bats (D:1)
  An endoplasm (D:1)
  A goblin (D:1)
  2 hobgoblins (D:1)
  2 quokkas (D:1)
  A ball python (D:1)
  A frilled lizard (D:1)
  A kobold (D:1)
  A rat (D:1)
13 creatures vanquished.

Notes
Turn   | Place    | Note
-------+----------+-------------------------------------------
     0 | D:1      | qw the Deep Elf Hunter began the quest for the Orb.
     0 | D:1      | Reached XP level 1. HP: 12/12 MP: 3/3
     0 | D:1      | 0 ||| qw: Version: 0.3-a-22-g0ed2b0b
     0 | D:1      | 0 ||| qw: Game counter: 5125
     0 | D:1      | 0 ||| qw: Melee chars always use a shield: true
     0 | D:1      | 0 ||| qw: God list: Okawaru
     0 | D:1      | 0 ||| qw: Allow faded altars: false
     0 | D:1      | 0 ||| qw: Do Orc after clearing Dungeon:15 true
     0 | D:1      | 0 ||| qw: Do second Lair branch before Depths: true
     0 | D:1      | 0 ||| qw: Lair rune preference: random
     0 | D:1      | 0 ||| qw: Goals: Normal
     0 | D:1      | 0 ||| PLANNING D:1-11
   126 | D:1      | Reached XP level 2. HP: 16/16 MP: 4/4
   167 | D:1      | Reached skill level 6 in Ranged Weapons
   494 | D:1      | 494 ||| UPGRADING to +0 cloak.
   499 | D:1      | 499 ||| UPGRADING to +0 scale mail.
   509 | D:1      | 509 ||| DROPPING +0 leather armour.
   510 | D:1      | 510 ||| UPGRADING to +0 ring mail.
   520 | D:1      | 520 ||| DROPPING +0 scale mail.
   521 | D:1      | 521 ||| READING scroll labelled BYIGEE OLLIPH.
   522 | D:1      | 522 ||| READING scroll labelled HENWUG BYCKIU.
   525 | D:1      | 525 ||| READING scroll labelled SIUTUODOAT.
   526 | D:1      | 526 ||| DRINKING 3 orange potions.
   631 | D:1      | 631 ||| DRINKING 2 ruby potions.
   632 | D:1      | 632 ||| DROPPING scroll of butterflies.
   633 | D:1      | 633 ||| DROPPING 2 potions of berserk rage.
   634 | D:1      | 634 ||| DROPPING potion of brilliance.
   692 | D:2      | Noticed Natasha
   697 | D:2      | 697 ||| Stepping ~*~*~tactically~*~*~ (outnumbered).
   701 | D:2      | 701 ||| Stepping ~*~*~tactically~*~*~ (outnumbered).
   704 | D:2      | HP: 4/16 [cerulean imp/+2 spear[Natasha] (1)]
   706 | D:2      | Slain by a cerulean imp

Levels and vault maps discovered:
D:1:      ldierk_walled_garden, layout_loops_cross, serial_bayou_pond_e
D:2:      layout_loops_ring, minmay_gold_behind_fungi, uniq_natasha

Skill      XL: |  1  2 |
---------------+-------+-----
Ranged Weapons | 6 |  6.1
Fighting       | |  1.5
Dodging        | |  2.4
Stealth        | |  1.2

Action                     || total
---------------------------++-------
   Fire: Shortbow          ||    43
    Use: Scroll            ||     3
         Potion            ||     2
 Armour: Leather armour    ||     2
         Ring mail         ||     3
  Dodge: Dodged            ||    10

Table legend:
 A = Non-vault XP
 B = Vault XP
 C = Vault XP percentage of total XP
 D = Non-vault monster count
 E = Vault monster count
 F = Vault count percentage of total count
                 A         B        C        D         E       F
            +---------+---------+-------+---------+---------+-------
      Total |      21 |       0 |   0.0 |      13 |       0 |   0.0
            +---------+---------+-------+---------+---------+-------
        D:1 |      21 |       0 |   0.0 |      13 |       0 |   0.0
            +---------+---------+-------+---------+---------+-------
